 Dungeon Crawl Stone Soup version 0.23-a0-61-g4bf3f6c (webtiles) character file.

307 tilp the Chiller (level 6, -1/44 HPs)
             Began as a Merfolk Ice Elementalist on Aug 9, 2018.
             Slain by a slave (7 damage)
             ... led by Pikel
             ... on level 4 of the Dungeon.
             The game lasted 00:08:44 (3719 turns).

tilp the Chiller (Merfolk Ice Elementalist)         Turns: 3719, Time: 00:08:45

Health: -1/44      AC:  3    Str:  8    XL:     6   Next: 40%
Magic:  0/0        EV: 14    Int: 20    God:
Gold:   263        SH:  0    Dex: 14    Spells: 3/9 levels left

rFire    . . .     SeeInvis .   y - +5 dagger "Imnoclyu" {elec, rPois rN++ MP-9 Int+3}
rCold    . . .     Gourm    .   (no shield)
rNeg     + + .     Faith    .   a - +0 robe
rPois    +         Spirit   .   u - +0 helmet
rElec    .         Reflect  .   (no cloak)
rCorr    .         Harm     .   (no gloves)
MR       .....                  (no boots)
Stlth    ++........             (no amulet)
HPRegen  0.14/turn              (no ring)
MPRegen  0.07/turn              (no ring)

@: no status effects
A: change form in water, swift swim, stealthy swim
a: no special abilities


You were on level 4 of the Dungeon.
You were hungry.

You visited 1 branch of the dungeon, and saw 5 of its levels.

You collected 263 gold pieces.

Inventory:

Hand Weapons
 e - a +0 dagger
 n - a +0 rapier
 p - a cursed -2 hunting sling
 v - a +0 trident
 y - the +5 dagger "Imnoclyu" (weapon) {elec, rPois rN++ MP-9 Int+3}
   (You found it on level 4 of the Dungeon)

   Occasionally, upon striking a foe, it will discharge some electrical energy
   and cause terrible harm.
   It affects your intelligence (+3).
   It protects you from poison.
   It greatly protects you from negative energy.
   It affects your magic capacity (-9).
Missiles
 h - 39 stones (quivered)
Armour
 a - a +0 robe (worn)
 u - a +0 helmet (worn)
 z - the +2 pair of gloves of Jeddul {rPois rF+, unknown}
   (You found it on level 5 of the Dungeon)

   It protects you from fire.
   It protects you from poison.
Scrolls
 b - 2 scrolls of identify {unknown}
 i - a scroll of blinking {unknown}
 k - 4 scrolls of remove curse {unknown}
 o - 2 scrolls of enchant armour {unknown}
 r - a scroll of magic mapping {unknown}
 s - 2 scrolls of amnesia {unknown}
 t - a scroll of teleportation {unknown}
 w - a scroll of immolation {unknown}
Potions
 d - 2 potions of brilliance {unknown}
 f - a potion of curing {unknown}
 g - 2 potions of ambrosia {unknown}
 j - a potion of lignification {unknown}
 l - 2 potions of agility {unknown}
 m - 2 potions of heal wounds {unknown}
 q - a potion of invisibility {unknown}
 x - a potion of might {unknown}
Comestibles
 c - 7 rations


   Skills:
 + Level 2.0 Fighting
 * Level 3.8 Polearms
 + Level 3.9 Dodging
 - Level 2.1 Stealth
 - Level 2.0 Spellcasting
 - Level 0.7 Conjurations
 - Level 6.0 Ice Magic


You had 3 spell levels left.
You knew the following spells:

 Your Spells              Type           Power        Failure   Level  Hunger
a - Freeze                Ice            ####         1%          1    #......
b - Throw Frost           Conj/Ice       ###...       6%          2    ##.....
c - Ozocubu's Armour      Chrm/Ice       ##......     14%         3    ###....

Your spell library contained the following spells:

 Spells                   Type           Power        Failure   Level  Hunger
 Apportation              Tloc           #.....       16%         1    #......
 Summon Small Mammal      Summ           #...         16%         1    #......
 Animate Skeleton         Necr           N/A          16%         1    #......
 Summon Ice Beast         Ice/Summ       ##......     41%         4    #####..
 Throw Icicle             Conj/Ice       ###.....     36%         4    #####..
 Confusing Touch          Hex            #.....       16%         1    #......


Dungeon Overview and Level Annotations

Branches:
Dungeon (5/15)
 Temple: D:4-7

Altars:

Annotations:
D:1 2x glass treasure hoards
D:3 Terence
D:5 Pikel


Message History

The slave is severely wounded.
The slave barely misses you.
You hit the slave but do no damage.
The slave is severely wounded.
The slave barely misses you.
You hit the slave but do no damage.
The slave is severely wounded.
The slave hits you.
* * * LOW HITPOINT WARNING * * *
You barely miss the slave.
The slave is severely wounded.
The slave closely misses you.
Okay, then.
You hit the slave.
The slave is almost dead.
The slave completely misses you.
You hit the slave.
The slave is almost dead.
The slave hits you!
You die...

#........# #.....##....#
#........# ##.######...###
#........# ##.######......
#........# #.......#...###
#.....>..# ##...........#
#####.##.# ##............# #.##.#
##............##
#.##.#######.............#
#.##^...##..@p...........#
#.#####....###...........# ## #.#
#......##........#.###. #.#
#......##........#.##..
#####.#####......#...........##.#
........##.....<.#..............#
.................................
........##.......#..........####.
#####..###.......#...............


You could see a slave.

Vanquished Creatures
  A scorpion (D:3)
  A bullfrog skeleton (D:4)
  A hound (D:4)
  2 iguanas (D:4)
  A worker ant (D:4)
  A hound skeleton (D:4)
  4 adders
  An ooze (D:4)
  An adder skeleton (D:4)
  A worm (D:4)
  2 dart slugs
  3 leopard geckos
  5 orcs (D:4)
  2 ball pythons
  6 giant cockroaches
  4 goblins
  4 hobgoblins
  4 jackals (D:3)
  3 quokkas (D:2)
  4 bats
  2 frilled lizards
  7 kobolds
  5 rats
65 creatures vanquished.

Notes
Turn   | Place    | Note
-------+----------+-------------------------------------------
     0 | D:1      | tilp the Merfolk Ice Elementalist began the quest for the Orb.
     0 | D:1      | Reached XP level 1. HP: 13/13 MP: 3/3
   242 | D:1      | Reached XP level 2. HP: 19/19 MP: 3/5
   251 | D:1      | Learned a level 2 spell: Throw Frost
   277 | D:1      | Reached skill level 4 in Ice Magic
   684 | D:2      | Reached XP level 3. HP: 20/24 MP: 1/6
   689 | D:2      | Learned a level 3 spell: Ozocubu's Armour
   871 | D:2      | Reached skill level 5 in Ice Magic
  1145 | D:2      | Reached XP level 4. HP: 30/30 MP: 4/7
  1710 | D:3      | Noticed Terence
  2127 | D:4      | Reached skill level 6 in Ice Magic
  2127 | D:4      | Reached XP level 5. HP: 23/35 MP: 5/8
  2312 | D:4      | Reached skill level 1 in Fighting
  2312 | D:4      | Reached skill level 1 in Polearms
  2847 | D:4      | Noticed a phantom
  2885 | D:3      | Reached XP level 6. HP: 28/44 MP: 5/9
  3050 | D:4      | Got an ivory dagger
  3052 | D:4      | Identified the +5 dagger "Imnoclyu" {elec, rPois rN++ MP-9 Int+3} (You found it on level 4 of the Dungeon)
  3691 | D:5      | Entered Level 5 of the Dungeon
  3691 | D:5      | Noticed Pikel
  3692 | D:5      | Noticed a slave
  3693 | D:5      | Got a pair of scorched gloves
  3719 | D:4      | Slain by a slave

Vault maps used:
D:1:      dpeg_arrival_radiant, serial_glass, glass_columns_a, glass_columns_c,
          glass_columns_c, glass_columns_c, item_on_display_a,
          due_unseen_surprise, minmay_strange_pillars, feat_on_display,
          minivault_19
D:3:      minmay_misc_feat_tower, small_statue_intersection, uniq_terence
D:4:      first_ration, wad_rectangle_vault
D:5:      hex_large, uniq_blork_the_orc, uniq_sigmund, uniq_pikel

Skill      XL: |  1  2  3  4  5  6 |
---------------+-------------------+-----
Ice Magic      | 4 5 6 |  6.0
Fighting       | 1 2 |  2.0
Polearms       | 3 |  3.8
Dodging        | 3 |  3.9
Stealth        | |  2.1
Spellcasting   | |  2.0
Conjurations   | |  0.7

Action                   |  1- 3 |  4- 6 || total
-------------------------+-------+-------++-------
Melee: Dagger            |    17 |    28 ||    45
       Rapier            |     2 |   123 ||   125
 Cast: Freeze            |    38 |    25 ||    63
       Throw Frost       |     1 |     1 ||     2
       Ozocubu's Armour  |       |     3 ||     3
 Stab: Sleeping          |     3 |     4 ||     7
  Eat: Chunk             |     1 |     9 ||    10
Armor: Robe              |     8 |    35 ||    43
Dodge: Dodged            |    35 |   125 ||   160

Table legend:
 A = Non-vault XP
 B = Vault XP
 C = Vault XP percentage of total XP
 D = Non-vault monster count
 E = Vault monster count
 F = Vault count percentage of total count
 G = Total turns spent on level
                 A         B        C        D         E       F
            +---------+---------+-------+---------+---------+-------
      Total |     286 |     153 |  34.9 |      60 |       5 |   7.7
            +---------+---------+-------+---------+---------+-------
        D:1 |      22 |       0 |   0.0 |      13 |       0 |   0.0
        D:2 |      82 |       0 |   0.0 |      27 |       0 |   0.0
        D:3 |      24 |      67 |  73.6 |       8 |       1 |  11.1
        D:4 |     158 |      86 |  35.2 |      12 |       4 |  25.0
            +---------+---------+-------+---------+---------+-------
